 Dungeon Crawl Stone Soup version 0.21.1-1-g345015f (webtiles) character file.

20 Limpidissima the Skirmisher (level 2, -3/20 HPs)
             Began as a Gargoyle Chaos Knight on July 30, 2018.
             Slain by a basilisk (12 damage)
             ... on level 1 of the Dungeon.
             The game lasted 00:04:40 (791 turns).

Limpidissima the Skirmisher (Gargoyle Chaos Knight)  Turns: 791, Time: 00:04:41

Health: -3/20      AC:  9    Str: 15    XL:     2   Next: 79%
Magic:  2/2        EV:  9    Int: 12    God:    Xom [*.....]
Gold:   53         SH:  0    Dex:  9    Spells: 1/1 levels left

rFire    . . .     SeeInvis .   a - +0 mace (chaos)
rCold    . . .     Gourm    .   (no shield)
rNeg     + . .     Faith    .   e - +0 scale mail
rPois    ∞         Spirit   .   (no helmet)
rElec    +         Reflect  .   (no cloak)
rCorr    .         Harm     .   (no gloves)
MR       .....                  (no boots)
Stlth    ..........             (no amulet)
HPRegen  0.06/turn              (no ring)
MPRegen  0.08/turn              (no ring)

@: no status effects
A: negative energy resistance 1, electricity resistance, unbreathing,
petrification resistance, rot immunity, AC +2
a: Renounce Religion


You were on level 1 of the Dungeon.
You worshipped Xom.
You were a special plaything of Xom.
You were not hungry.

You visited 1 branch of the dungeon, and saw 1 of its levels.

You collected 53 gold pieces.

Inventory:

Hand Weapons
 a - a +0 mace of chaos (weapon)
Armour
 e - a +0 scale mail (worn)
Scrolls
 b - a scroll of remove curse {unknown}
 d - a scroll of enchant armour {unknown}
 f - a scroll of blinking {unknown}
 i - 2 scrolls of identify {unknown}
 l - 2 scrolls of enchant weapon {unknown}
Potions
 g - a potion of agility {unknown}
 h - a potion of invisibility {unknown}
 j - 2 potions of haste {unknown}
Comestibles
 c - 3 rations
 k - 3 chunks of flesh


   Skills:
 + Level 3.9 Fighting
 + Level 3.5 Maces & Flails
 - Level 2.1 Armour
 - Level 0.7 Dodging


You had one spell level left.
You didn't know any spells.

Dungeon Overview and Level Annotations

Branches:
Dungeon (1/15)

Altars:


Innate Abilities, Weirdness & Mutations

You are resistant to torment.
Your stone body is resilient. (AC +2)
You are immune to poison.
You resist negative energy. (rN+)
You are resistant to electric shocks. (rElec)
You can survive without breathing.
You are immune to petrification.
You are immune to rotting.


Message History

The basilisk bites you! The basilisk gazes at you.
You are unaffected.
You sock the basilisk!
The basilisk is poisoned.
The basilisk is blasted with air!
The basilisk is heavily wounded.
The basilisk gazes at you.
You struggle to resist.
You hit the basilisk.
The basilisk is severely wounded.
The basilisk barely misses you.
You hit the basilisk but do no damage.
The basilisk flickers and vanishes!
Deactivating autopickup; reactivate with Ctrl-A.
Something bites you but does no damage.
You miss something.
Something tries to affect you, but you resist.
Something bites you.
You closely miss something. Something bites you!
Ouch! That really hurt!
You die...

##### #...#
###########
##...#####......@..#
............>#####.#
.....#####.#.# ..
.....# #.#.# ...
.....# #.#.# #.#
.....# #l#.# #
..#.## #.#.# ###.#
#.#.# #.# #.#.#


There were no monsters in sight!

Vanquished Creatures
  A dart slug (D:1)
  A leopard gecko (D:1)
  A giant cockroach (D:1)
  3 goblins (D:1)
  A hobgoblin (D:1)
  2 bats (D:1)
  3 frilled lizards (D:1)
  2 kobolds (D:1)
  4 rats (D:1)
18 creatures vanquished.

Notes
Turn   | Place    | Note
-------+----------+-------------------------------------------
     0 | D:1      | Limpidissima the Gargoyle Chaos Knight began the quest for the Orb.
     0 | D:1      | Reached XP level 1. HP: 14/14 MP: 1/1
     3 | D:1      | XOM: divination: magic mapping
    93 | D:1      | Reached XP level 2. HP: 17/19 MP: 2/2
   231 | D:1      | XOM: divination: detect items
   308 | D:1      | Noticed a wolf
   308 | D:1      | a kobold changed into a wolf
   310 | D:1      | XOM: potion effect (haste)
   391 | D:1      | XOM: noise
   545 | D:1      | XOM: harmless Necr miscast
   646 | D:1      | XOM: 1-stop teleportation journey
   761 | D:1      | Noticed a basilisk
   761 | D:1      | a wolf changed into a basilisk
   761 | D:1      | XOM: polymorph wolf -> basilisk
   791 | D:1      | Slain by a basilisk

Action                   || total
-------------------------++-------
Melee: Mace              ||    61
 Stab: Confused          ||     1
Armor: Leather armour    ||     2
       Scale mail        ||    28
Dodge: Dodged            ||    32
